 Dungeon Sprint DCSS version 0.29-a0-819-g94b489e0ae (webtiles) character file.

Game seed: 1857730859276994882

1217 mhtbhm the Basher (level 8, -5/112 HPs)
             Began as a Demonspawn Berserker on July 7, 2022.
             Was a Priest of Trog.
             Succumbed to Sonja's poison
             ... in the Dungeon (Sprint I: "Red Sonja").
             The game lasted 00:01:24 (1265 turns).

mhtbhm the Basher (Demonspawn Berserker)            Turns: 1265, Time: 00:01:25

Health: -5/112     AC:  3    Str: 19    XL:     8   Next: 22%
Magic:  8/8        EV: 11    Int:  9    God:    Trog [***...]
Gold:   419        SH:  0    Dex: 13    Spells: 7/7 levels left

rFire   . . .      SeeInvis .   a - +0 mace
rCold   . . .      Faith    .   (no shield)
rNeg    . . .      Spirit   .   b - +0 leather armour
rPois   .          Reflect  .   (helmet restricted)
rElec   .          Harm     .   c - scarf {repulsion}
rCorr   .          Rampage  .   (no gloves)
Will    .....      NoTele   +   (no boots)
Stlth   ..........              (no amulet)
HPRegen 0.28/turn               (no ring)
MPRegen 0.11/turn               (no ring)

@: berserking, lethally poisoned (-5 -> -63), grasped by roots, constricted,
repel missiles, very quick
A: horns 2, powered by death 1
a: Renounce Religion, Berserk, Trog's Hand


You were in the Dungeon.
You worshipped Trog.
Trog was most pleased with you.
You visited 1 branch You collected 419 gold pieces.

Inventory:

Hand Weapons
 a - a +0 mace (weapon)
Armour
 b - a +0 leather armour (worn)
 c - a scarf of repulsion (worn)
Wands
 i - a wand of roots (3)
Scrolls
 h - a scroll of blinking
Potions
 d - a potion of heal wounds
 e - a potion of haste
 f - 2 potions of magic
 g - a potion of berserk rage
 j - a potion of brilliance {unknown}


   Skills:
 + Level 11.0 Fighting
 + Level 11.2 Maces & Flails
 + Level 5.8 Armour
 + Level 6.1 Dodging
 + Level 2.1 Stealth


You had 7 spell levels left.
You didn't know any spells.
Your spell library was empty.

Dungeon Overview and Level Annotations

Branches:
Dungeon (1/1)

Altars:
Cheibriados
Dithmenos
Fedhas
Gozag
Hepliaklqana
Kikubaaqudgha
Makhleb
Nemelex Xobeh
Okawaru
Qazlal
Ru
Sif Muna
Trog
Uskayaw
Vehumet
Wu Jian
Xom
Yredelemnul
Jiyva
Lugonu

Shops:
D ?

Annotations:
D Sonja


Innate Abilities, Weirdness & Mutations

You have a pair of horns on your head.
You regenerate a little health from kills.


Message History

You feel very sick.
Sonja hits you with a +2 short sword of venom. x2
You are more poisoned.
Sonja barely misses you. The grasping roots constrict you!
You barely miss Sonja.
You feel very sick.
Sonja hits you with a +2 short sword of venom.
You are more poisoned.
Sonja hits you with a +2 short sword of venom.
You are more poisoned.
Sonja hits you with a +2 short sword of venom.
You are more poisoned.
The grasping roots constrict you.
The grasping roots release their grip on you.
You miss Sonja.
* * * LOW HITPOINT WARNING * * *
You feel extremely sick.
You miss Sonja.
* * * LOW HITPOINT WARNING * * *
You feel extremely sick.
Sonja hits you with a +2 short sword of venom!
* * * LOW HITPOINT WARNING * * *
Sonja misses you.
Sonja hits you with a +2 short sword of venom.
* * * LOW HITPOINT WARNING * * *
You are more poisoned.
Press: ? - help, v - describe, . - travel The floor, spattered with blood.
You sock Sonja!
Sonja is moderately wounded.
* * * LOW HITPOINT WARNING * * *
You feel extremely sick.
Sonja zaps a wand.
The roots erupt in riotous growth!
The grasping roots grab you!
Sonja is unaffected.
The grasping roots constrict you.
* * * LOW HITPOINT WARNING * * *
Unknown command.
You closely miss Sonja. Your headbutt misses Sonja. Your punch misses Sonja.
Sonja is lightly wounded.
You die...

##########################
#<.#.[)..#..'..#__#..')..#
#..').#..)..#..'..'..#)..#
#..#####'#####'#__####...+
#..####..#...#.#### #####
#..#__####..##.#
#..#_____##'#_.+
#⌠⌠#_.∩...'..._#
####_..__##K@#'#
#_____###'#.# #######
#.### $.$ $.$ ##.## #+#


You could see Sonja.

Vanquished Creatures
  2 kobold demonologists (D)
  A slime creature (D)
  Sigmund (D)
  A yak (D)
  A floating eye (D)
  An ogre (D)
  A jelly (D)
  Ijyb (D)
9 creatures vanquished.

Notes
Turn   | Place    | Note
-------+----------+-------------------------------------------
     0 | D        | mhtbhm the Demonspawn Berserker began the quest for the
                  | Orb.
     0 | D        | Reached XP level 1. HP: 18/18 MP: 1/1
     2 | D        | Noticed Ijyb
     8 | D        | Killed Ijyb
     9 | D        | Gained mutation: You have a pair of small horns on your
                  | head. [demonic ancestry]
     9 | D        | Reached XP level 2. HP: 17/26 MP: 2/2
   192 | D        | Noticed an ogre
   195 | D        | Killed an ogre
   196 | D        | Gained mutation: You have a pair of horns on your head.
                  | [demonic ancestry]
   196 | D        | Reached XP level 3. HP: 8/35 MP: 3/3
   196 | D        | Reached XP level 4. HP: 9/41 MP: 4/4
   456 | D        | Noticed Sigmund
   468 | D        | Killed Sigmund
   468 | D        | Reached ** piety under Trog
   469 | D        | Gained mutation: You regenerate a little health from kills.
                  | [demonic ancestry]
   469 | D        | Reached XP level 5. HP: 49/49 MP: 5/5
   531 | D        | Found an ornate altar of the Wu Jian Council.
   531 | D        | Found a shimmering blue altar of Sif Muna.
   533 | D        | Found a radiant altar of Vehumet.
   540 | D        | Reached XP level 6. HP: 30/56 MP: 6/6
   743 | D        | Found Qiemm's Magic Scroll Emporium.
   743 | D        | Found an ancient bone altar of Kikubaaqudgha.
   743 | D        | Found a hazy altar of Hepliaklqana.
   743 | D        | Found a stormy altar of Qazlal.
   743 | D        | Found a hide-covered altar of Uskayaw.
   743 | D        | Found a blossoming altar of Fedhas.
   743 | D        | Found a bloodstained altar of Trog.
   743 | D        | Found an iron altar of Okawaru.
   743 | D        | Found a basalt altar of Yredelemnul.
   743 | D        | Found a snail-covered altar of Cheibriados.
   743 | D        | Found a sacrificial altar of Ru.
   743 | D        | Found a shadowy altar of Dithmenos.
   743 | D        | Noticed a yak
   752 | D        | Killed a yak
   753 | D        | Found an opulent altar of Gozag.
   754 | D        | Found a sparkling altar of Nemelex Xobeh.
  1033 | D        | Found a burning altar of Makhleb.
  1033 | D        | Found a viscous altar of Jiyva.
  1033 | D        | Found a shimmering altar of Xom.
  1033 | D        | Found a corrupted altar of Lugonu.
  1033 | D        | Noticed a slime creature
  1038 | D        | Killed a slime creature
  1039 | D        | Reached skill level 5 in Armour
  1039 | D        | Reached skill level 5 in Dodging
  1039 | D        | Reached skill level 1 in Stealth
  1039 | D        | Reached XP level 7. HP: 65/65 MP: 7/7
  1075 | D        | Noticed a kobold demonologist
  1076 | D        | Noticed a kobold demonologist
  1077 | D        | Noticed a rust devil
  1079 | D        | Reached skill level 10 in Fighting
  1079 | D        | Reached skill level 10 in Maces & Flails
  1081 | D        | Noticed a soul eater
  1082 | D        | Noticed a sun demon
  1082 | D        | Killed a kobold demonologist
  1082 | D        | Reached *** piety under Trog
  1086 | D        | Noticed a soul eater
  1088 | D        | Noticed a red devil
  1090 | D        | Killed a kobold demonologist
  1091 | D        | Reached XP level 8. HP: 75/75 MP: 8/8
  1258 | D        | Noticed Sonja
  1264 | D        | HP: 3/112 [constriction (3)]
  1265 | D        | Succumbed to Sonja's poison

Illustrated notes

Levels and vault maps discovered:
D:        dungeon_sprint_1 [red_sonja_temple_1, red_sonja_temple_small_1]

Skill      XL: |  1  2  3  4  5  6  7 |
---------------+----------------------+-----
Fighting       | 4 6 8 9 11 | 11.0
Maces & Flails | 4 6 7 8 9 11 | 11.2
Armour         | 2 3 5 |  5.8
Dodging        | 2 3 4 5 6 |  6.1
Stealth        | 1 2 |  2.1

Action                   |  1- 3 |  4- 6 |  7- 9 || total
-------------------------+-------+-------+-------++-------
Melee: Mace              |     6 |    17 |    19 ||    42
       Headbutt          |     1 |     6 |     1 ||     8
Invok: Berserk           |     2 |     4 |     2 ||     8
  Use: Potion            |       |     1 |       ||     1
Armor: Animal skin       |     1 |       |       ||     1
       Leather armour    |       |     2 |     1 ||     3
Dodge: Dodged            |     1 |     6 |     7 ||    14

Table legend: (Time is in decaauts)
 A = Elapsed time spent in this place.
 B = Non-inter-level travel time spent in this place.
 C = Inter-level travel time spent in this place.
 D = Time resting spent in this place.
 E = Time spent auto-exploring this place.
 F = Levels seen in this place.
 G = Mean time per level.
                   A        B        C        D        E       F      G
               +--------+--------+--------+--------+--------+-----+--------+
         Total |   1337 |   1337 |      0 |   1097 |      0 |   1 | 1337.0 |
       Dungeon |   1337 |   1337 |      0 |   1097 |      0 |   1 | 1337.0 |
               +--------+--------+--------+--------+--------+-----+--------+

Top non-repeatable levels by time:
       D: 1337 daAuts
